 Dungeon Crawl Stone Soup version 0.19.1 (webtiles) character file.

2591 HessuHobo the Cleaver (level 9, 0/69 HPs)
             Began as a Demonspawn Abyssal Knight on Dec 26, 2016.
             Was an Elder of Lugonu.
             Succumbed to a killer bee's poison
             ... on level 8 of the Dungeon.
             The game lasted 00:38:34 (9816 turns).

HessuHobo the Cleaver (Demonspawn Abyssal Knight)   Turns: 9816, Time: 00:38:34

Health: 0/69       AC: 17    Str: 15    XL:     9   Next: 33%
Magic:  11/11      EV:  5    Int: 13    God:    Lugonu [****..]
Gold:   354        SH:  0    Dex: 23    Spells: 0 memorised, 8 levels left

rFire  . . .     SeeInvis .     d - +0 war axe
rCold  . . .     Gourm    .     v - +2 plate armour
rNeg   . . .     Faith    +     (no shield)
rPois  .         Spirit   .     p - +0 helmet
rElec  .         Reflect  .     (no cloak)
rCorr  +         Harm     .     q - +1 pair of gloves
MR     +....                    (no boots)
Stlth  ..........               z - amulet "Gonokh" {Faith Dex+7}
                                n - ring of protection from magic
                                m - ring of resist corrosion

@: lethally poisoned (0 -> -5), very slightly contaminated, hasted, very quick
A: claws 1, thin skeletal structure 1, nightstalker 2
a: Depart the Abyss, Bend Space, Banish, Corrupt, Renounce Religion


You were on level 8 of the Dungeon.
You worshipped Lugonu.
Lugonu was greatly pleased with you.
You were full.

You visited 2 branches of the dungeon, and saw 9 of its levels.
You visited the Abyss 1 time.

You collected 518 gold pieces.
You spent 164 gold pieces at shops.

Inventory:

Hand Weapons
 a - a +1 hand axe
 d - a +0 war axe (weapon)
Missiles
 o - 2 large rocks
Armour
 b - a +0 leather armour
 p - a +0 helmet (worn)
 q - a +1 pair of gloves (worn)
 v - a +2 plate armour (worn)
 w - a +0 naga barding
Jewellery
 h - an uncursed amulet of the gourmand
 l - an uncursed ring of wizardry
 m - a ring of resist corrosion (left hand)
 n - a ring of protection from magic (right hand)
 z - the amulet "Gonokh" (around neck) {Faith Dex+7}
   (You found it on level 4 of the Dungeon)

   [amulet of faith]

   It allows you to gain divine favour quickly.
   It affects your dexterity (+7).
Scrolls
 j - 5 scrolls of identify
 u - a scroll of random uselessness
 x - 5 scrolls of remove curse
Potions
 g - 2 potions of brilliance
 r - a potion of haste
 t - 3 potions of degeneration
Books
 k - a book of Misfortune

   Spells                             Type                      Level
   a - Confusing Touch                Hexes                        1
   b - Confuse                        Hexes                        3
   c - Gell's Gravitas                Hexes/Translocation          3
   d - Petrify                        Transmutation/Earth          4
   e - Metabolic Englaciation         Hexes/Ice                    5
   f - Yara's Violent Unravelling     Hexes/Transmutation          5
 y - a Young Poisoner's Handbook

   Spells                             Type                      Level
   a - Sting                          Conjuration/Poison           1
   b - Mephitic Cloud                 Conjuration/Poison/Air       3
   c - Olgreb's Toxic Radiance        Poison                       4
   d - Alistair's Intoxication        Transmutation/Poison         5
   e - Venom Bolt                     Conjuration/Poison           5
Miscellaneous
 e - a fan of gales
Comestibles
 c - 5 bread rations
 f - 6 meat rations
 A - an inedible chunk of flesh


   Skills:
 + Level 6.2 Fighting
 + Level 9.1 Axes
 + Level 5.3 Armour
 + Level 2.1 Dodging
 + Level 0.4 Stealth
 + Level 2.9 Invocations


You had 8 spell levels left.
You didn't know any spells.

Dungeon Overview and Level Annotations

Branches:
Dungeon (8/15)             Temple (1/1) D:7
   Lair: D:8-11

Altars:
Ashenzari
Cheibriados
Dithmenos
Elyvilon
Fedhas
Gozag
Hepliaklqana
Kikubaaqudgha
Makhleb
Nemelex Xobeh
Okawaru
Qazlal
Ru
Sif Muna
Trog
Uskayaw
Vehumet
Xom
Yredelemnul
Zin
The Shining One

Shops:
D:4 [   D:5 ?

Annotations:
D:7 corrupted


Innate Abilities, Weirdness & Mutations

You have sharp fingernails.
You have a somewhat thin skeletal structure. (Dex +2, Stealth)
You are significantly more attuned to the shadows.


Message History

* * * LOW HITPOINT WARNING * * *
You feel sick.
* * * LOW HITPOINT WARNING * * *
You feel sick.
* * * LOW HITPOINT WARNING * * *
You feel sick.
Okay, then.
* * * LOW HITPOINT WARNING * * *
You feel sick.
* * * LOW HITPOINT WARNING * * *
You feel sick.
Okay, then.
Okay, then.
Okay, then.
* * * LOW HITPOINT WARNING * * *
You feel sick.
* * * LOW HITPOINT WARNING * * *
You feel sick.
Found a stone staircase leading down.
You die...

.. #..
#.>#####
.......#
#......# #@.#
#..# #..#
#..# #..# .
..#.# #..#
#.#.#.# #.t#
#.#.#.####..#
#...........#


There were no monsters in sight!

Vanquished Creatures
  A black bear (D:7)
  2 ice beasts
  A necrophage (D:5)
  3 centaurs
  2 ogres
  A big kobold (D:6)
  3 bullfrogs
  A scorpion (D:4)
  10 killer bees
  An electric eel (D:6)
  A howler monkey (D:4)
  2 crimson imps
  A centaur zombie (D:5)
  4 hounds
  A quasit (D:8)
  2 jellies
  A centaur skeleton (D:7)
  4 orc wizards
  A bullfrog skeleton (D:5)
  2 iguanas (D:6)
  Ijyb (D:2)
  4 worker ants
  A killer bee zombie (D:6)
  Robin (D:3)
  7 gnolls
  5 adders
  2 shadow imps (D:6)
  An adder zombie (D:6)
  An adder skeleton (D:4)
  2 worms
  2 dart slugs
  5 leopard geckos
  32 orcs
  7 giant cockroaches
  25 goblins
  8 hobgoblins
  11 jackals
  3 quokkas
  8 bats
  6 frilled lizards
  A jackal skeleton (D:5)
  13 kobolds
  A quokka skeleton (D:6)
  9 rats
  A plant (D:6)
201 creatures vanquished.

Vanquished Creatures (others)
  2 bullfrogs (D:7)
  A crimson imp (D:7)
  An iguana (D:7)
  2 worker ants (D:7)
  An adder (D:7)
  A quokka (D:7)
8 creatures vanquished.

Grand Total: 209 creatures vanquished

Notes
Turn   | Place    | Note
-------+----------+-------------------------------------------
     0 | Abyss:1  | HessuHobo the Demonspawn Abyssal Knight began the quest for the Orb.
     0 | Abyss:1  | Reached XP level 1. HP: 18/18 MP: 2/2
    19 | Abyss:2  | Found a corrupted altar of Lugonu.
    69 | Abyss:2  | Noticed a spatial maelstrom
    69 | Abyss:2  | Noticed a spatial vortex
    88 | Abyss:2  | Noticed a spatial vortex
    96 | Abyss:2  | Noticed a small abomination
    97 | D:1      | Escaped the Abyss
   402 | D:1      | Reached * piety under Lugonu
   402 | D:1      | Gained mutation: You have sharp fingernails. [demonic ancestry]
   402 | D:1      | Reached XP level 2. HP: 13/24 MP: 3/3
   600 | D:1      | Reached skill level 1 in Dodging
   743 | D:1      | Reached skill level 2 in Axes
  1025 | D:1      | Reached XP level 3. HP: 27/29 MP: 5/5
  1721 | D:2      | Noticed Ijyb
  1749 | D:2      | Killed Ijyb
  1964 | D:2      | Reached XP level 4. HP: 36/37 MP: 6/6
  2274 | D:2      | Gained mutation: You possess an exceptional clarity of mind. [potion of mutation]
  2274 | D:2      | Gained mutation: Your system is resistant to poisons. (rPois) [potion of mutation]
  2274 | D:2      | Gained mutation: Your mind is acute. (Int +2) [potion of mutation]
  2285 | D:2      | Found a glowing golden altar of the Shining One.
  2285 | D:2      | Found a radiant altar of Vehumet.
  2785 | D:3      | Reached ** piety under Lugonu
  2861 | D:3      | Noticed Robin
  2869 | D:3      | Reached skill level 3 in Axes
  3535 | D:3      | Gained mutation: You are slightly more attuned to the shadows. [demonic ancestry]
  3535 | D:3      | Reached XP level 5. HP: 41/42 MP: 7/7
  3609 | D:3      | Killed Robin
  3882 | D:3      | Reached *** piety under Lugonu
  4001 | D:4      | Got a brightly glowing crystal amulet
  4037 | D:4      | Identified the amulet "Gonokh" {Faith Dex+7} (You found it on level 4 of the Dungeon)
  4065 | D:4      | Reached skill level 4 in Axes
  4218 | D:4      | Gained mutation: You are significantly more attuned to the shadows. [demonic ancestry]
  4218 | D:4      | Reached XP level 6. HP: 48/48 MP: 8/8
  4561 | D:4      | Reached skill level 5 in Axes
  4565 | D:4      | Found Akhlo's Antique Armour Emporium.
  4679 | D:4      | Gained mutation: You have a somewhat thin skeletal structure. (Dex +2, Stealth) [demonic ancestry]
  4679 | D:4      | Reached XP level 7. HP: 48/55 MP: 9/9
  4815 | D:5      | Entered Level 5 of the Dungeon
  5043 | D:5      | Lost mutation: Your mind is acute. (Int +2) [potion of cure mutation]
  5043 | D:5      | Lost mutation: You possess an exceptional clarity of mind. [potion of cure mutation]
  5043 | D:5      | Lost mutation: Your system is resistant to poisons. (rPois) [potion of cure mutation]
  5357 | D:5      | Found Jitaza Udug's Magic Scroll Emporium.
  5359 | D:5      | Reached **** piety under Lugonu
  5365 | D:5      | Bought a scroll of enchant armour for 82 gold pieces
  5365 | D:5      | Bought a scroll of enchant armour for 82 gold pieces
  5461 | D:5      | Reached skill level 5 in Fighting
  5461 | D:5      | Reached skill level 6 in Axes
  6286 | D:6      | Reached XP level 8. HP: 41/62 MP: 10/10
  6658 | D:6      | Reached skill level 7 in Axes
  7490 | D:6      | Found a shimmering altar of Xom.
  7633 | D:6      | Reached skill level 8 in Axes
  7797 | D:7      | Corrupted D:7
  7797 | D:7      | Noticed a starcursed mass
  7797 | D:7      | Noticed a spatial maelstrom
  7797 | D:7      | Noticed a large abomination
  7797 | D:7      | Noticed a large abomination
  7797 | D:7      | Noticed an eye of devastation
  7797 | D:7      | Noticed a smoke demon
  7797 | D:7      | Noticed a smoke demon
  7797 | D:7      | Found a staircase to the Ecumenical Temple.
  7798 | D:7      | Noticed a smoke demon
  7798 | D:7      | Noticed an orange demon
  7799 | D:7      | Noticed a large abomination
  7799 | D:7      | Noticed a worldbinder
  7799 | D:7      | Noticed a large abomination
  7799 | D:7      | Noticed a smoke demon
  7800 | D:7      | Noticed a hellwing
  7800 | D:7      | Noticed a tentacled starspawn
  7813 | D:7      | Noticed a lich
  7819 | D:7      | Noticed a hellwing
  7821 | D:7      | Noticed a necromancer
  7821 | D:7      | Noticed a necromancer
  7822 | D:7      | Noticed a starcursed mass
  7843 | D:7      | Found a shattered altar of Ashenzari.
  8269 | D:7      | Reached XP level 9. HP: 16/69 MP: 11/11
  8707 | Temple   | Entered the Ecumenical Temple
  9191 | D:8      | Reached skill level 5 in Armour
  9257 | D:8      | HP: 3/69 [poisoned by an orc wizard]
  9750 | D:8      | Found a hide-covered altar of Uskayaw.
  9754 | D:8      | Reached skill level 9 in Axes
  9767 | D:8      | Noticed a hand axe
  9768 | D:8      | Noticed a dagger
  9799 | D:8      | Noticed a hill giant
  9809 | D:8      | HP: 3/69 [poisoned by a killer bee]
  9812 | D:8      | HP: 1/69 [poisoned by a killer bee]
  9816 | D:8      | Succumbed to a killer bee's poison

Skill      XL: |  1  2  3  4  5  6  7  8  9 |
---------------+----------------------------+-----
Armour         | 2 3 4 5 |  5.3
Dodging        | 1 2 |  2.1
Axes           | 2 3 4 5 6 8 9 |  9.1
Fighting       | 4 5 6 |  6.2
Stealth        | |  0.4
Invocations    | |  2.9

Action                   |  1- 3 |  4- 6 |  7- 9 || total
-------------------------+-------+-------+-------++-------
Melee: Hand axe          |    19 |       |       ||    19
       War axe           |   127 |   269 |   477 ||   873
Invok: Depart the Abyss  |     1 |       |       ||     1
       Corrupt           |       |       |     1 ||     1
  Use: Scroll            |     2 |     3 |     8 ||    13
       Potion            |     3 |     3 |    11 ||    17
 Stab: Sleeping          |     1 |       |       ||     1
       Distracted        |       |       |     1 ||     1
  Eat: Chunk             |     8 |    15 |     7 ||    30
       Bread ration      |       |       |     2 ||     2
       Royal jelly       |       |       |     1 ||     1
Armor: Leather armour    |    55 |    64 |       ||   119
       Plate armour      |       |   191 |   486 ||   677
Dodge: Dodged            |   103 |   191 |   163 ||   457
